 Dungeon Crawl Stone Soup version 0.20-a0-618-gbb8d3ca (webtiles) character file.

11256 bureaucrat the Fighter (level 11, -5/93 HPs)
             Began as a Barachian Ice Elementalist on Feb 8, 2017.
             Was a High Priest of Vehumet.
             Shot with an arrow by a centaur warrior (15 damage)
             ... on level 11 of the Dungeon on Feb 9, 2017.
             The game lasted 02:29:22 (11081 turns).

bureaucrat the Fighter (BaIE)                      Turns: 11081, Time: 02:29:23

Health: -5/93      AC: 12    Str:  7    XL:     11   Next: 74%
Magic:  1/20       EV: 15    Int: 17    God:    Vehumet [*****.]
Gold:   454        SH:  0    Dex: 11    Spells: 8/22 levels left

rFire    . . .     SeeInvis .   M - +1 hand crossbow
rCold    + . .     Gourm    .   U - +2 robe {rC+}
rNeg     . . .     Faith    .   (no shield)
rPois    .         Spirit   .   (no helmet)
rElec    .         Reflect  .   J - +2 cloak {+Inv}
rCorr    .         Harm     .   k - +1 pair of gloves
MR       .....                  (no boots)
Stlth    ++........             q - amulet of magic regeneration
Regen    0.3/turn               L - +3 ring of protection
                                K - +2 ring of slaying

@: can't hop, very slightly contaminated, slow
A: swims, slowness 1, strong legs 1
a: Hop, Renounce Religion, Evoke Invisibility


You were on level 11 of the Dungeon.
You worshipped Vehumet.
Vehumet was extremely pleased with you.
You were very hungry.

You visited 2 branches of the dungeon, and saw 12 of its levels.

You collected 635 gold pieces.
You spent 181 gold pieces at shops.

Inventory:

Hand Weapons
 r - a +0 rapier
 H - a +1 short sword of venom
 M - a +1 hand crossbow (weapon)
 N - a +0 whip of flaming
 R - a +2 dagger of holy wrath
 Z - a +0 blowgun
Missiles
 h - 265 arrows
 l - 61 sling bullets
 y - 43 bolts (quivered)
 Y - 2 curare-tipped needles
Armour
 d - a +0 troll leather armour
 k - a +1 pair of gloves (worn)
 s - a +1 robe of fire resistance
 t - a +0 buckler
 J - a +2 cloak of invisibility (worn)
 U - a +2 robe of cold resistance (worn)
 X - a +1 robe of magic resistance
Jewellery
 q - an amulet of magic regeneration (around neck)
 D - a +2 ring of dexterity
 K - a +2 ring of slaying (left hand)
 L - a +3 ring of protection (right hand)
Wands
 j - a wand of polymorph (14/24)
 E - a wand of flame (13/48)
 Q - a wand of polymorph (20/24)
 V - a wand of clouds (0/9)
Scrolls
 g - 2 scrolls of fog
 o - 7 scrolls of remove curse {unknown}
 v - a scroll of amnesia
 w - a scroll of enchant weapon
 W - a scroll of holy word {unknown}
Potions
 e - 4 potions of curing
 i - 2 potions of cure mutation
 n - 3 potions of agility
 x - a potion of flight
 A - a potion of resistance
 I - a potion of lignification {unknown}
 O - 2 potions of brilliance
 P - a potion of might
 T - 3 potions of haste
Books
 b - a book of Frost

   Spells                             Type                      Level
   a - Freeze                         Ice                          1
   b - Throw Frost                    Conjuration/Ice              2
   c - Ozocubu's Armour               Charms/Ice                   3
   d - Throw Icicle                   Conjuration/Ice              4
   e - Summon Ice Beast               Ice/Summoning                4
Comestibles
 a - 6 chunks of flesh
 c - 9 bread rations
 f - 3 meat rations
 m - 8 royal jellies
 z - 2 fruits


   Skills:
 - Level 11.3 Fighting
 - Level 7.0 Dodging
 - Level 2.0 Stealth
 - Level 6.0 Spellcasting
 - Level 6.0 Conjurations
 - Level 4.1 Charms
 - Level 7.2 Summonings
 + Level 8.0 Ice Magic


You had 8 spell levels left.
You knew the following spells:

 Your Spells              Type           Power        Failure   Level  Hunger
a - Freeze                Ice            ####         1%          1    None
b - Throw Frost           Conj/Ice       ####..       1%          2    None
c - Ozocubu's Armour      Chrm/Ice       ####....     3%          3    ##.....
d - Throw Icicle          Conj/Ice       ####....     2%          4    ####...
e - Summon Ice Beast      Ice/Summ       ####....     8%          4    ####...


Dungeon Overview and Level Annotations

Branches:
Dungeon (11/15)            Temple (1/1) D:5            Lair (0/6) D:8
    Orc: D:9-12

Altars:
Ashenzari
Cheibriados
Dithmenos
Elyvilon
Fedhas
Gozag
Hepliaklqana
Kikubaaqudgha
Makhleb
Nemelex Xobeh
Okawaru
Qazlal
Ru
Sif Muna
Trog
Uskayaw
Vehumet
Xom
Yredelemnul
Zin
The Shining One

Shops:
D:8 !   D:10 (

Annotations:
D:6 Blork the orc
D:11 Gastronok


Innate Abilities, Weirdness & Mutations

You can swim through water.
You cover ground slowly.
You can hop short distances.


Message History

The six-headed hydra bites you but does no damage.
The six-headed hydra closely misses you.
As you read the scroll of teleportation, it crumbles to dust.
You feel strangely unstable. The six-headed hydra bites you!
* * * LOW HITPOINT WARNING * * *
The six-headed hydra bites you but does no damage. x2
The six-headed hydra bites you.
* * * LOW HITPOINT WARNING * * *
The six-headed hydra bites you but does no damage.
The six-headed hydra misses you.
Okay, then.
Okay, then.
Your surroundings suddenly seem different.
A centaur warrior comes into view.
The centaur warrior shouts!
The centaur warrior wields a shortbow.
The centaur warrior shoots an arrow.
The arrow hits you!
* * * LOW HITPOINT WARNING * * *
The centaur warrior shoots an arrow.
The arrow hits you!
You die...

#...........##.#.<#.#.
#........>...).....(..
#............#........
#............########.
#.......c.............
#...........##########
#....................'
##..........##########
#...@....c.# #
#........cc# #
####.####### # #.# #.#
#.# #.################
#.##........)....#
#..............(.'


You could see a centaur warrior and 3 centaurs.

Vanquished Creatures
  A centaur warrior (D:11)
  2 two-headed ogres
  Pikel (D:7)
  A troll (D:10)
  5 hippogriffs
  3 wyverns
  A wraith (D:10)
  4 yaks
  A steam dragon (D:8)
  The ghost of M4edhros the Sneak, an amateur OpAr of Ru (D:3)
  An acid dragon (D:11)
  A water moccasin (D:11)
  2 orc warriors
  3 eyes of draining
  3 sky beasts
  6 ogres
  A phantom (D:10)
  8 centaurs
  10 bullfrogs
  6 scorpions
  9 killer bees
  3 wights (D:7)
  5 howler monkeys
  7 crimson imps
  4 jellies
  An orc priest (D:5)
  7 hounds
  2 bullfrog skeletons
  A centaur skeleton (D:10)
  4 iguanas
  Natasha (thrice) (D:4)
  7 orc wizards
  8 worker ants
  A hound zombie (D:7)
  A hound skeleton (D:8)
  A worker ant zombie (D:5)
  4 gnolls
  12 adders
  7 shadow imps
  An adder skeleton (D:4)
  2 worms
  4 dart slugs
  7 leopard geckos
  35 orcs
  2 ball pythons
  13 giant cockroaches
  6 goblins
  9 hobgoblins
  10 jackals
  10 kobolds
  5 quokkas
  5 bats
  5 frilled lizards
  2 leopard gecko skeletons
  A quokka skeleton (D:10)
  11 rats
276 creatures vanquished.

Vanquished Creatures (collateral kills)
  A two-headed ogre (D:8)
  2 komodo dragons (D:8)
  A troll (D:8)
  A basilisk (D:8)
  A yak (D:9)
  A wyvern (D:8)
  An eye of draining (D:9)
  A centaur (D:9)
  A big kobold (D:8)
  A crimson imp (D:8)
  An orc (D:9)
  2 kobolds (D:8)
14 creatures vanquished.

Vanquished Creatures (others)
  A wyvern (D:8)
  4 slaves (D:8)
  A sky beast (D:8)
  A howler monkey (D:8)
  A kobold (D:8)
8 creatures vanquished.

Grand Total: 298 creatures vanquished

Notes
Turn   | Place    | Note
-------+----------+-------------------------------------------
     0 | D:1      | bureaucrat the Barachian Ice Elementalist began the quest for the Orb.
     0 | D:1      | Reached XP level 1. HP: 13/13 MP: 3/3
   317 | D:1      | Reached XP level 2. HP: 10/19 MP: 3/5
   531 | D:1      | Learned a level 2 spell: Throw Frost
  1188 | D:1      | Reached XP level 3. HP: 23/24 MP: 2/7
  1611 | D:2      | Learned a level 3 spell: Ozocubu's Armour
  1712 | D:2      | Reached skill level 1 in Fighting
  1712 | D:2      | Reached XP level 4. HP: 28/32 MP: 2/8
  1746 | D:2      | Found a glowing golden altar of the Shining One.
  1764 | D:2      | Found a radiant altar of Vehumet.
  1773 | D:2      | Became a worshipper of Vehumet
  1988 | D:2      | Reached skill level 2 in Fighting
  2435 | D:3      | Noticed M4edhros's ghost (amateur OpAr)
  2556 | D:3      | Reached * piety under Vehumet
  2556 | D:3      | Offered knowledge of Sting by Vehumet.
  2715 | D:3      | Killed M4edhros's ghost
  2715 | D:3      | Reached skill level 5 in Ice Magic
  2715 | D:3      | Reached XP level 5. HP: 16/39 MP: 2/9
  2821 | D:3      | Reached XP level 6. HP: 30/46 MP: 7/10
  3039 | D:3      | Found a faded altar of an unknown god.
  3096 | D:4      | Noticed Natasha
  3130 | D:4      | Killed Natasha
  3130 | D:4      | Reached skill level 3 in Fighting
  3288 | D:4      | Noticed Natasha
  3293 | D:4      | Killed Natasha
  3385 | D:4      | Reached skill level 4 in Fighting
  3497 | D:4      | Reached XP level 7. HP: 51/54 MP: 2/11
  3563 | D:4      | Offered knowledge of Flame Tongue by Vehumet.
  3599 | D:4      | Reached skill level 5 in Conjurations
  3602 | D:4      | Reached ** piety under Vehumet
  3740 | D:4      | Noticed Natasha
  3753 | D:4      | Killed Natasha
  4059 | D:5      | Entered Level 5 of the Dungeon
  4122 | D:5      | Reached XP level 8. HP: 43/60 MP: 5/12
  4291 | D:5      | Found a shattered altar of Ashenzari.
  4747 | D:5      | Found a staircase to the Ecumenical Temple.
  4757 | Temple   | Entered the Ecumenical Temple
  5295 | D:6      | Learned a level 4 spell: Throw Icicle
  5298 | D:6      | Reached skill level 5 in Fighting
  5352 | D:6      | Found a blossoming altar of Fedhas.
  5520 | D:6      | Reached skill level 6 in Fighting
  5700 | D:6      | Reached skill level 7 in Fighting
  5947 | D:6      | Noticed Blork the orc
  6236 | D:6      | Reached XP level 9. HP: 57/72 MP: 8/14
  6251 | D:6      | Learned a level 4 spell: Summon Ice Beast
  6328 | D:7      | Found an opulent altar of Gozag.
  6413 | D:7      | Found a bloodstained altar of Trog.
  6454 | D:7      | Offered knowledge of Static Discharge by Vehumet.
  6526 | D:7      | Reached skill level 1 in Charms
  6644 | D:7      | HP: 2/72 [shadow imp/nerve-wracking pain (11)]
  6714 | D:7      | Reached *** piety under Vehumet
  7178 | D:8      | Found Ablox's Distillery.
  7181 | D:8      | Bought a potion of haste for 110 gold pieces
  7181 | D:8      | Bought a potion of mutation for 27 gold pieces
  7181 | D:8      | Bought a potion of might for 44 gold pieces
  7199 | D:8      | Reached skill level 8 in Fighting
  7302 | D:8      | Noticed a two-headed ogre
  7304 | D:8      | Offered knowledge of Inner Flame by Vehumet.
  7400 | D:7      | Found a bloodstained altar of Trog.
  7440 | D:7      | Found an opulent altar of Gozag.
  7641 | D:8      | Noticed Pikel
  7656 | D:7      | Killed Pikel
  7656 | D:7      | Reached skill level 9 in Fighting
  7656 | D:7      | Reached XP level 10. HP: 75/83 MP: 2/16
  7933 | D:8      | Found a glowing silver altar of Zin.
  7934 | D:8      | Found an iron altar of Okawaru.
  8163 | D:8      | Reached skill level 5 in Summonings
  8212 | D:8      | Killed a two-headed ogre
  8293 | D:8      | Reached **** piety under Vehumet
  8477 | D:8      | Offered knowledge of Irradiate by Vehumet.
  8513 | D:8      | Found a staircase to the Lair.
  8737 | D:8      | Noticed a two-headed ogre
  8755 | D:8      | Killed a two-headed ogre
  8755 | D:8      | Reached skill level 5 in Dodging
  9171 | D:9      | Reached XP level 11. HP: 89/89 MP: 9/17
  9245 | D:9      | You fall through a shaft!
  9245 | D:10     | Entered Level 10 of the Dungeon
  9302 | D:10     | Upgraded the game from 0.20-a0-555-gf6ae02d to 0.20-a0-618-gbb8d3ca
  9346 | D:9      | Reached skill level 10 in Fighting
  9554 | D:10     | Found Cennumon's Weapon Emporium.
 10227 | D:9      | Reached skill level 11 in Fighting
 10494 | D:11     | Noticed Gastronok
 10599 | D:10     | Reached ***** piety under Vehumet
 10691 | D:11     | Noticed a two-headed ogre
 10706 | D:11     | Reached skill level 5 in Spellcasting
 10712 | D:11     | Offered knowledge of Ozocubu's Refrigeration by Vehumet.
 10714 | D:11     | Killed a two-headed ogre
 10877 | D:11     | Noticed a centaur warrior
 10878 | D:11     | Noticed a six-headed hydra
 11021 | D:11     | Killed a centaur warrior
 11081 | D:11     | Noticed a centaur warrior
 11081 | D:11     | Shot with an arrow by a centaur warrior

Vault maps used:
D:1:      dpeg_arrival_houses_and_road, minmay_misc_feat_room
D:2:      overflow_temple_1_default, nicolae_overflow_crystal_walls, first_bread
D:3:      chequers_ecumenical_altar_simple_redux, kennysheep_generic_room_14
D:4:      kennysheep_diamond, uniq_natasha
D:5:      cheibrodos_ashenzari_chains, minmay_temple_entry_overgrown,
          serial_bayou, serial_bayou_pond_b, serial_bayou_pond_e,
          serial_bayou_shore_b, serial_bayou_ford_a, kennysheep_generic_room_16
D:6:      fedhas_bush_and_centaur_altar, uniq_blork_the_orc
D:7:      nicolae_gozag_seed_capital, lemuel_doored_altar
D:8:      gammafunk_temple_overflow_statue, erik_lair_dragon, serial_shops,
          nicolae_shop_behind_doors, uniq_pikel
D:10:     serial_shops, shop_fountains, serial_corexii_hall,
          corexii_hall_statues_i, corexii_hall_statues_i,
          corexii_hall_statues_t, corexii_hall_statues_u, minivault_19
D:11:     uniq_gastronok
Temple:   oiseaux_autumnal_temple

Skill      XL: |  1  2  3  4  5  6  7  8  9 10 11 |
---------------+----------------------------------+-----
Ice Magic      | 4 5 6 7 8 |  8.0
Fighting       | 1 2 4 7 9 11 | 11.3
Spellcasting   | 3 4 6 |  6.0
Conjurations   | 2 5 6 |  6.0
Charms         | 4 |  4.1
Dodging        | 3 6 7 |  7.0
Summonings     | 2 7 |  7.2
Stealth        | |  2.0

Action                   |  1- 3 |  4- 6 |  7- 9 | 10-12 || total
-------------------------+-------+-------+-------+-------++-------
Melee: Unarmed           |     9 |       |       |       ||     9
       Rapier            |       |       |    55 |     1 ||    56
       Whip              |       |       |       |    28 ||    28
       Short sword       |       |       |       |    48 ||    48
       Dagger            |       |       |       |    28 ||    28
 Fire: Hunting sling     |     2 |    78 |    61 |       ||   141
       Shortbow          |       |       |    52 |       ||    52
       Hand crossbow     |       |       |    17 |   119 ||   136
       Blowgun           |       |       |       |     4 ||     4
Throw: Tomahawk          |       |       |       |     1 ||     1
 Cast: Freeze            |    61 |    82 |   136 |   123 ||   402
       Throw Frost       |       |     7 |    42 |     4 ||    53
       Ozocubu's Armour  |       |       |     8 |    22 ||    30
       Throw Icicle      |       |       |    56 |    87 ||   143
       Summon Ice Beast  |       |       |       |    39 ||    39
 Abil: Hop               |     1 |     3 |    18 |    12 ||    34
Evoke: Wand              |       |       |     3 |     3 ||     6
  Use: Scroll            |       |     4 |     8 |    10 ||    22
       Potion            |       |       |     2 |     8 ||    10
 Stab: Petrified         |       |       |       |     1 ||     1
  Eat: Chunk             |     4 |     7 |    26 |    31 ||    68
       Fruit             |       |       |     2 |     2 ||     4
       Meat ration       |       |       |       |     1 ||     1
Armor: Robe              |     9 |    10 |    45 |   114 ||   178
Dodge: Dodged            |    45 |    27 |   110 |   222 ||   404
